[ AOE2 MATCH · #472055210 ]
UnrankedKhmer vs Portuguese
[ REPLAY ANALYSIS · EXTRACTED FROM THE RECORDED GAME ]
Feudal
9:26
Castle
20:49
Imperial
32:10
| APM avg | 52.1 |
| APM peak | 96 |
| eAPM avg | 25.6 |
| Villagers / military | 244 / 224 |
Focus
⚔️ 29.8% · 🌾 70.2%
Scout Cavalry ×117 · Scorpion ×55 · Battle Elephant ×39 · Knight ×9 · Trebuchet (Packed) ×4
Feudal
10:31
Castle
32:16
Imperial
—
| APM avg | 28.0 |
| APM peak | 58 |
| eAPM avg | 12.4 |
| Villagers / military | 102 / 55 |
Focus
⚔️ 30.8% · 🌾 69.2%
Spearman ×33 · Scout Cavalry ×9 · Archer ×5 · Monk ×4 · Knight ×4 · Fishing Ship ×3
Feudal
—
Castle
—
Imperial
—
| APM avg | 42.1 |
| APM peak | 71 |
| eAPM avg | 26.8 |
| Villagers / military | 205 / 175 |
Focus
⚔️ 35.4% · 🌾 64.6%
Spearman ×110 · Militia ×21 · Battle Elephant ×18 · Karambit Warrior ×14 · Battering Ram ×11 · Fishing Ship ×6
Feudal
—
Castle
—
Imperial
—
| APM avg | 34.3 |
| APM peak | 62 |
| eAPM avg | 18.7 |
| Villagers / military | 156 / 215 |
Focus
⚔️ 32.8% · 🌾 67.2%
Knight ×78 · Militia ×55 · Flemish Militia ×38 · Scout Cavalry ×26 · Spearman ×10 · Trebuchet (Packed) ×5
Match map
Initial resources + every placement click. Lines = walls · curves = elevation contours. ◆ gold · ⬟ stone · ● berries · ✦ relic · ◌ wall gap
Inputs per minute
— AP - - DeadlyIdli
Build order — AP
First 150 of 436 actions detected
| 0:01 | Create | Villager (Male) ×5 |
| 0:02 | Build | House |
| 0:03 | Build | House |
| 0:06 | Create | Villager (Male) |
| 1:17 | Create | Villager (Male) |
| 1:17 | Create | Villager (Male) |
| 2:09 | Create | Villager (Male) |
| 2:15 | Build | Lumber Camp |
| 2:32 | Create | Villager (Male) |
| 2:49 | Create | Villager (Male) |
| 3:19 | Create | Villager (Male) |
| 3:56 | Create | Villager (Male) |
| 4:06 | Create | Villager (Male) |
| 4:18 | Build | Mill |
| 4:38 | Research | Loom |
| 4:42 | Build | House |
| 4:57 | Create | Villager (Male) |
| 4:59 | Create | Villager (Male) |
| 5:36 | Create | Villager (Male) |
| 5:36 | Create | Villager (Male) |
| 5:51 | Build | Mill |
| 6:23 | Build | House |
| 6:27 | Build | House |
| 6:43 | Create | Villager (Male) |
| 7:16 | Research | Feudal Age |
| 8:03 | Create | Villager (Male) |
| 8:03 | Create | Villager (Male) |
| 8:23 | Build | House |
| 8:27 | Build | House |
| 8:30 | Build | Palisade Wall |
| 9:08 | Build | House |
| 9:12 | Create | Villager (Male) |
| 9:26 | Age | Feudal Age |
| 9:29 | Build | Stable |
| 10:04 | Create | Scout Cavalry |
| 10:04 | Create | Scout Cavalry |
| 10:06 | Create | Scout Cavalry |
| 10:06 | Create | Scout Cavalry |
| 10:11 | Research | Double-Bit Axe |
| 10:13 | Research | Horse Collar |
| 10:14 | Create | Villager (Male) |
| 10:15 | Create | Villager (Male) |
| 10:36 | Build | Farm |
| 10:39 | Build | Farm |
| 10:55 | Build | Farm |
| 11:09 | Create | Villager (Male) |
| 11:11 | Build | Farm |
| 11:29 | Create | Villager (Male) |
| 11:30 | Create | Scout Cavalry |
| 11:38 | Build | Farm |
| 11:47 | Build | Farm |
| 11:50 | Create | Villager (Male) |
| 11:51 | Create | Scout Cavalry |
| 12:44 | Create | Scout Cavalry |
| 12:45 | Create | Scout Cavalry |
| 12:46 | Create | Villager (Male) |
| 12:46 | Create | Villager (Male) |
| 12:46 | Create | Villager (Male) |
| 13:06 | Create | Scout Cavalry |
| 13:10 | Create | Villager (Male) |
| 13:11 | Build | Farm |
| 14:09 | Create | Scout Cavalry |
| 14:09 | Create | Scout Cavalry |
| 14:09 | Create | Villager (Male) |
| 14:10 | Create | Villager (Male) |
| 14:43 | Create | Villager (Male) |
| 14:43 | Create | Villager (Male) |
| 14:52 | Build | Farm |
| 14:52 | Build | Farm |
| 14:53 | Build | Farm |
| 14:53 | Build | Farm |
| 14:53 | Build | Farm |
| 14:53 | Build | Farm |
| 15:03 | Build | Farm |
| 15:11 | Build | House |
| 15:24 | Create | Villager (Male) |
| 15:29 | Build | House |
| 15:30 | Build | House |
| 16:11 | Create | Villager (Male) |
| 16:14 | Build | Farm |
| 16:14 | Build | Farm |
| 16:15 | Build | Farm |
| 16:15 | Build | Farm |
| 16:15 | Build | Farm |
| 16:15 | Build | Farm |
| 16:15 | Build | Farm |
| 16:53 | Build | Farm |
| 16:58 | Build | Mining Camp |
| 17:12 | Research | Town Watch |
| 17:14 | Create | Villager (Male) |
| 18:06 | Research | Castle Age |
| 18:06 | Research | Castle Age |
| 18:31 | Build | Stable |
| 19:15 | Build | Blacksmith |
| 19:53 | Research | Wheelbarrow |
| 20:11 | Research | Bloodlines |
| 20:49 | Age | Castle Age |
| 20:59 | Build | Town Center |
| 21:19 | Build | Market |
| 21:31 | Research | Bow Saw |
| 21:46 | Build | Town Center |
| 21:49 | Create | Villager (Male) |
| 21:50 | Create | Villager (Male) |
| 21:52 | Create | Villager (Male) ×5 |
| 22:45 | Create | Scout Cavalry |
| 22:47 | Research | Light Cavalry (upgrade) |
| 22:55 | Create | Villager (Male) ×5 |
| 22:56 | Create | Villager (Male) ×5 |
| 22:56 | Create | Villager (Male) ×5 |
| 22:56 | Create | Villager (Male) ×5 |
| 23:27 | Research | Scale Mail Armor |
| 23:30 | Research | Scale Barding Armor |
| 23:30 | Research | Forging |
| 23:38 | Research | Husbandry |
| 24:03 | Build | Lumber Camp |
| 24:12 | Create | Scout Cavalry |
| 24:13 | Create | Scout Cavalry |
| 24:13 | Create | Scout Cavalry |
| 24:14 | Create | Villager (Male) |
| 24:14 | Create | Villager (Male) |
| 24:14 | Create | Villager (Male) |
| 24:18 | Build | House |
| 24:19 | Build | House |
| 24:23 | Build | House |
| 24:26 | Build | House |
| 24:38 | Create | Villager (Male) ×2 |
| 24:38 | Create | Villager (Male) ×2 |
| 24:43 | Build | Farm |
| 24:45 | Build | Farm |
| 25:23 | Create | Villager (Male) ×4 |
| 25:23 | Create | Villager (Male) ×5 |
| 25:23 | Create | Villager (Male) ×5 |
| 25:24 | Create | Villager (Male) ×5 |
| 25:24 | Create | Villager (Male) |
| 25:40 | Build | Farm |
| 25:41 | Build | Farm |
| 25:45 | Build | Farm |
| 25:45 | Build | Farm |
| 25:46 | Build | Farm |
| 25:46 | Build | Farm |
| 25:46 | Build | Farm |
| 25:46 | Build | Farm |
| 25:47 | Build | Farm |
| 25:47 | Build | Farm |
| 25:49 | Create | Villager (Male) ×3 |
| 25:50 | Create | Villager (Male) ×3 |
| 25:59 | Build | Stable |
| 26:10 | Create | Villager (Male) ×2 |
| 26:10 | Create | Villager (Male) ×2 |
| 26:10 | Create | Villager (Male) ×2 |
Build order — DeadlyIdli
First 150 of 238 actions detected
| 0:02 | Create | Villager (Male) |
| 0:02 | Create | Villager (Male) |
| 0:02 | Create | Villager (Male) |
| 0:04 | Build | House |
| 0:05 | Build | House |
| 0:44 | Create | Villager (Male) |
| 0:44 | Create | Villager (Male) |
| 0:44 | Create | Villager (Male) |
| 1:28 | Create | Villager (Male) |
| 1:28 | Create | Villager (Male) |
| 2:11 | Build | Lumber Camp |
| 2:16 | Create | Villager (Male) |
| 2:16 | Create | Villager (Male) |
| 2:33 | Create | Villager (Male) |
| 2:33 | Create | Villager (Male) |
| 2:58 | Create | Villager (Male) |
| 2:58 | Create | Villager (Male) |
| 3:25 | Create | Villager (Male) |
| 4:09 | Create | Villager (Male) |
| 4:09 | Create | Villager (Male) |
| 4:30 | Create | Villager (Male) |
| 4:30 | Create | Villager (Male) |
| 4:41 | Build | House |
| 5:23 | Create | Villager (Male) |
| 5:52 | Build | Dock |
| 5:57 | Create | Villager (Male) |
| 6:44 | Create | Villager (Male) |
| 6:56 | Create | Fishing Ship |
| 7:01 | Build | House |
| 7:11 | Research | Loom |
| 7:31 | Create | Villager (Male) |
| 7:32 | Create | Fishing Ship |
| 7:56 | Create | Villager (Male) |
| 8:04 | Build | Mill |
| 8:20 | Research | Feudal Age |
| 8:50 | Build | Mill |
| 9:51 | Create | Villager (Male) |
| 10:03 | Build | House |
| 10:31 | Age | Feudal Age |
| 10:37 | Create | Fishing Ship |
| 10:42 | Create | Villager (Male) |
| 10:47 | Build | Barracks |
| 10:50 | Research | Double-Bit Axe |
| 11:29 | Build | Stable |
| 11:30 | Create | Spearman |
| 11:32 | Create | Villager (Male) |
| 12:08 | Create | Scout Cavalry |
| 12:09 | Build | House |
| 12:12 | Create | Spearman |
| 12:24 | Build | Mining Camp |
| 12:29 | Build | Mining Camp |
| 12:34 | Create | Villager (Male) |
| 12:41 | Build | House |
| 12:43 | Create | Scout Cavalry |
| 12:43 | Create | Scout Cavalry |
| 12:52 | Create | Villager (Male) |
| 13:23 | Build | House |
| 13:30 | Create | Scout Cavalry |
| 13:31 | Create | Spearman |
| 13:40 | Create | Villager (Male) |
| 14:08 | Create | Villager (Male) |
| 14:33 | Research | Bloodlines |
| 14:40 | Create | Villager (Male) |
| 14:46 | Build | Blacksmith |
| 15:19 | Create | Villager (Male) |
| 15:21 | Research | Forging |
| 16:05 | Build | Fish Trap |
| 16:06 | Build | Fish Trap |
| 16:08 | Build | Fish Trap |
| 16:24 | Create | Spearman |
| 17:12 | Create | Villager (Male) |
| 17:36 | Create | Villager (Male) |
| 18:01 | Create | Villager (Male) |
| 18:05 | Create | Villager (Male) |
| 18:05 | Create | Villager (Male) |
| 18:40 | Create | Spearman |
| 18:40 | Create | Spearman |
| 18:45 | Build | House |
| 19:03 | Create | Spearman |
| 19:51 | Create | Villager (Male) |
| 20:09 | Create | Villager (Male) |
| 20:22 | Build | Market |
| 20:57 | Create | Villager (Male) |
| 21:27 | Create | Villager (Male) |
| 21:30 | Create | Spearman |
| 21:48 | Build | Farm |
| 21:49 | Build | Farm |
| 21:50 | Build | Farm |
| 22:04 | Create | Villager (Male) |
| 23:05 | Create | Villager (Male) |
| 23:08 | Build | Farm |
| 23:09 | Build | Farm |
| 23:13 | Build | Farm |
| 23:15 | Build | Farm |
| 23:23 | Create | Villager (Male) |
| 23:29 | Create | Scout Cavalry |
| 23:30 | Create | Scout Cavalry |
| 23:35 | Create | Scout Cavalry |
| 23:57 | Create | Villager (Male) |
| 24:07 | Build | House |
| 24:09 | Build | House |
| 24:35 | Build | Farm |
| 24:36 | Build | Farm |
| 24:39 | Build | Farm |
| 24:42 | Create | Spearman |
| 24:42 | Create | Spearman |
| 24:46 | Build | House |
| 25:06 | Create | Villager (Male) |
| 25:09 | Build | Farm |
| 25:10 | Build | Farm |
| 25:13 | Build | Farm |
| 25:14 | Build | Farm |
| 25:20 | Create | Villager (Male) |
| 25:37 | Research | Scale Barding Armor |
| 25:37 | Research | Scale Barding Armor |
| 25:55 | Create | Villager (Male) |
| 25:57 | Build | Farm |
| 26:01 | Create | Villager (Male) |
| 26:38 | Create | Spearman |
| 27:41 | Create | Villager (Male) |
| 27:47 | Create | Scout Cavalry |
| 27:47 | Create | Scout Cavalry |
| 27:50 | Create | Spearman |
| 27:50 | Create | Spearman |
| 27:52 | Create | Villager (Male) |
| 28:27 | Create | Villager (Male) |
| 28:45 | Create | Villager (Male) |
| 29:20 | Create | Villager (Male) |
| 29:36 | Research | Castle Age |
| 29:53 | Build | Mining Camp |
| 29:59 | Create | Spearman |
| 30:00 | Create | Spearman |
| 30:20 | Create | Villager (Male) |
| 30:20 | Create | Villager (Male) |
| 30:32 | Research | Horse Collar |
| 31:05 | Research | Scale Mail Armor |
| 31:38 | Create | Spearman |
| 31:38 | Create | Spearman |
| 31:59 | Create | Spearman |
| 31:59 | Create | Spearman |
| 32:05 | Research | Fletching |
| 32:16 | Age | Castle Age |
| 32:22 | Create | Knight |
| 32:22 | Create | Knight |
| 32:37 | Create | Villager (Male) |
| 33:08 | Build | Town Center |
| 33:41 | Create | Villager (Male) |
| 34:05 | Create | Knight |
| 34:05 | Create | Knight |
| 34:15 | Create | Villager (Male) |
Build order — LeoABNV
First 150 of 580 actions detected
| 0:00 | Create | Villager (Male) |
| 0:00 | Create | Villager (Male) |
| 0:01 | Create | Villager (Male) |
| 0:01 | Create | Villager (Male) |
| 0:01 | Create | Villager (Male) |
| 0:02 | Build | House |
| 0:04 | Build | House |
| 0:33 | Create | Villager (Male) |
| 1:27 | Create | Villager (Male) |
| 1:51 | Build | Lumber Camp |
| 2:01 | Create | Villager (Male) |
| 2:16 | Create | Villager (Male) |
| 2:47 | Create | Villager (Male) |
| 3:07 | Build | House |
| 3:08 | Create | Villager (Male) |
| 3:39 | Create | Villager (Male) |
| 4:01 | Create | Villager (Male) |
| 4:33 | Create | Villager (Male) |
| 4:45 | Create | Villager (Male) |
| 5:11 | Build | House |
| 5:13 | Create | Villager (Male) |
| 5:13 | Create | Villager (Male) |
| 5:22 | Build | Dock |
| 5:43 | Create | Villager (Male) |
| 5:44 | Create | Villager (Male) |
| 6:02 | Create | Fishing Ship |
| 6:26 | Create | Villager (Male) |
| 6:26 | Create | Villager (Male) |
| 6:28 | Create | Villager (Male) |
| 6:28 | Create | Villager (Male) |
| 6:32 | Create | Fishing Ship |
| 7:00 | Create | Villager (Male) |
| 7:00 | Create | Villager (Male) |
| 7:01 | Build | House |
| 7:13 | Create | Villager (Male) |
| 7:25 | Create | Villager (Male) |
| 7:37 | Create | Fishing Ship |
| 7:37 | Create | Fishing Ship |
| 7:53 | Research | Loom |
| 8:19 | Create | Fishing Ship |
| 8:25 | Build | Lumber Camp |
| 8:40 | Create | Villager (Male) |
| 8:50 | Build | Mill |
| 9:13 | Research | Feudal Age |
| 9:29 | Build | Mining Camp |
| 9:50 | Build | House |
| 9:52 | Research | Loom |
| 9:54 | Create | Villager (Male) |
| 9:54 | Create | Villager (Male) |
| 10:03 | Create | Fishing Ship |
| 10:34 | Build | Market |
| 10:43 | Build | Blacksmith |
| 11:42 | Build | Barracks |
| 12:25 | Research | Castle Age |
| 12:53 | Create | Spearman |
| 12:53 | Create | Spearman |
| 13:15 | Build | Palisade Wall |
| 13:16 | Build | Palisade Wall |
| 13:27 | Create | Spearman |
| 13:59 | Create | Spearman |
| 14:23 | Create | Villager (Male) |
| 14:23 | Create | Villager (Male) |
| 14:23 | Create | Villager (Male) |
| 14:48 | Build | Town Center |
| 14:53 | Create | Villager (Male) |
| 15:24 | Build | Mill |
| 15:36 | Create | Villager (Male) |
| 15:37 | Create | Villager (Male) |
| 15:41 | Create | Spearman |
| 15:43 | Build | House |
| 15:45 | Build | Palisade Wall |
| 15:47 | Build | Palisade Wall |
| 15:49 | Build | Palisade Wall |
| 15:51 | Build | Palisade Wall |
| 15:57 | Build | Palisade Wall |
| 16:04 | Build | House |
| 16:19 | Create | Villager (Male) |
| 16:19 | Create | Villager (Male) |
| 16:28 | Create | Spearman |
| 16:41 | Build | Town Center |
| 16:51 | Create | Villager (Male) |
| 17:15 | Create | Villager (Male) |
| 17:15 | Create | Villager (Male) |
| 17:36 | Create | Villager (Male) |
| 17:37 | Create | Villager (Male) |
| 17:57 | Create | Villager (Male) |
| 18:18 | Create | Villager (Male) |
| 18:18 | Create | Villager (Male) |
| 18:23 | Create | Villager (Male) |
| 18:23 | Create | Villager (Male) |
| 18:33 | Create | Villager (Male) |
| 18:55 | Create | Villager (Male) |
| 18:56 | Create | Villager (Male) |
| 19:05 | Build | Farm |
| 19:05 | Build | Farm |
| 19:06 | Build | Farm |
| 19:06 | Build | Farm |
| 19:06 | Build | Farm |
| 19:06 | Build | Farm |
| 19:12 | Create | Villager (Male) |
| 19:13 | Create | Villager (Male) |
| 19:13 | Create | Villager (Male) |
| 19:25 | Create | Villager (Male) |
| 19:25 | Create | Villager (Male) |
| 19:35 | Build | House |
| 19:44 | Research | Wheelbarrow |
| 19:49 | Build | Farm |
| 20:06 | Create | Villager (Male) |
| 20:06 | Create | Villager (Male) |
| 20:09 | Build | Farm |
| 20:11 | Create | Villager (Male) |
| 20:20 | Create | Villager (Male) |
| 20:21 | Create | Villager (Male) |
| 20:30 | Build | Town Center |
| 20:32 | Create | Villager (Male) |
| 20:46 | Create | Villager (Male) |
| 20:46 | Create | Villager (Male) |
| 20:57 | Build | House |
| 21:09 | Build | Farm |
| 21:09 | Build | Farm |
| 21:09 | Build | Farm |
| 21:10 | Create | Villager (Male) |
| 21:10 | Create | Villager (Male) |
| 21:18 | Create | Villager (Male) |
| 21:23 | Create | Villager (Male) |
| 21:28 | Create | Villager (Male) |
| 21:28 | Create | Villager (Male) |
| 21:45 | Build | Farm |
| 21:45 | Build | Farm |
| 21:49 | Create | Villager (Male) |
| 21:50 | Create | Villager (Male) |
| 21:53 | Create | Villager (Male) |
| 22:00 | Build | Farm |
| 22:00 | Build | Farm |
| 22:01 | Build | Farm |
| 22:07 | Build | Farm |
| 22:21 | Create | Villager (Male) |
| 22:24 | Build | Farm |
| 22:40 | Create | Villager (Male) |
| 22:40 | Create | Villager (Male) |
| 22:40 | Create | Villager (Male) |
| 22:45 | Build | House |
| 22:46 | Build | House |
| 22:46 | Build | House |
| 22:52 | Create | Villager (Male) |
| 22:55 | Build | House |
| 22:56 | Build | House |
| 23:03 | Create | Villager (Male) |
| 23:06 | Build | House |
| 23:08 | Build | House |
Build order — Emperor2698
First 150 of 438 actions detected
| 0:02 | Build | House |
| 0:02 | Create | Villager (Male) ×5 |
| 0:02 | Create | Villager (Male) |
| 0:04 | Build | House |
| 1:30 | Create | Villager (Male) |
| 2:00 | Build | Lumber Camp |
| 2:10 | Create | Villager (Male) |
| 2:21 | Create | Villager (Male) |
| 2:52 | Create | Villager (Male) |
| 3:08 | Create | Villager (Male) |
| 3:34 | Create | Villager (Male) |
| 3:40 | Create | Villager (Male) |
| 3:42 | Build | House |
| 4:14 | Research | Double-Bit Axe |
| 4:46 | Create | Villager (Male) |
| 4:56 | Build | House |
| 4:59 | Build | Palisade Wall |
| 5:31 | Create | Villager (Male) |
| 5:39 | Create | Villager (Male) |
| 5:50 | Build | Mill |
| 5:55 | Research | Loom |
| 7:00 | Build | Farm |
| 7:08 | Research | Feudal Age |
| 7:26 | Build | Barracks |
| 8:04 | Research | Horse Collar |
| 8:12 | Create | Villager (Male) |
| 9:14 | Create | Villager (Male) |
| 9:19 | Build | Stable |
| 9:59 | Create | Villager (Male) |
| 10:02 | Build | Farm |
| 10:03 | Create | Villager (Male) |
| 10:10 | Build | Farm |
| 10:13 | Create | Scout Cavalry |
| 10:13 | Create | Scout Cavalry |
| 10:34 | Create | Scout Cavalry |
| 10:55 | Create | Villager (Male) |
| 11:04 | Build | House |
| 11:12 | Build | Farm |
| 11:13 | Build | Farm |
| 11:16 | Build | Stable |
| 11:20 | Build | House |
| 11:21 | Build | House |
| 11:22 | Build | House |
| 11:41 | Create | Scout Cavalry ×2 |
| 11:44 | Create | Villager (Male) |
| 12:11 | Build | Farm |
| 12:12 | Build | Farm |
| 12:13 | Create | Villager (Male) |
| 12:25 | Build | Farm |
| 12:33 | Build | Dock |
| 12:35 | Create | Villager (Male) |
| 13:19 | Create | Villager (Male) |
| 13:21 | Create | Scout Cavalry |
| 13:22 | Create | Scout Cavalry |
| 13:28 | Create | Villager (Male) |
| 13:30 | Build | House |
| 13:31 | Build | House |
| 13:43 | Build | Blacksmith |
| 13:54 | Build | Mining Camp |
| 13:57 | Create | Villager (Male) |
| 14:06 | Create | Scout Cavalry |
| 14:21 | Create | Villager (Male) |
| 14:25 | Create | Galley |
| 14:42 | Create | Villager (Male) |
| 14:57 | Create | Villager (Male) |
| 15:02 | Research | Forging |
| 15:02 | Research | Forging |
| 15:05 | Create | Villager (Male) |
| 15:16 | Create | Villager (Male) |
| 15:29 | Create | Galley |
| 15:29 | Create | Galley |
| 15:52 | Research | Scale Barding Armor |
| 15:58 | Build | Farm |
| 15:59 | Build | Farm |
| 16:17 | Create | Villager (Male) |
| 16:26 | Create | Villager (Male) |
| 16:31 | Create | Villager (Male) |
| 16:32 | Create | Villager (Male) |
| 16:48 | Create | Villager (Male) |
| 16:53 | Create | Villager (Male) |
| 17:12 | Create | Villager (Male) |
| 17:20 | Research | Gold Mining |
| 17:37 | Build | Farm |
| 17:37 | Build | Farm |
| 17:41 | Create | Flemish Militia |
| 17:42 | Create | Flemish Militia |
| 18:07 | Create | Scout Cavalry ×2 |
| 18:50 | Build | Farm |
| 18:54 | Create | Villager (Male) |
| 18:56 | Build | House |
| 19:03 | Build | Building 490 |
| 19:28 | Create | Villager (Male) |
| 20:12 | Create | Villager (Male) |
| 20:38 | Create | Villager (Male) |
| 20:40 | Create | Villager (Male) |
| 20:44 | Create | Flemish Militia |
| 20:44 | Create | Flemish Militia |
| 20:52 | Build | Farm |
| 20:53 | Build | Farm |
| 21:10 | Build | Market |
| 21:15 | Create | Villager (Male) |
| 21:45 | Create | Villager (Male) |
| 22:01 | Research | Castle Age |
| 22:28 | Create | Villager (Male) |
| 22:40 | Create | Villager (Male) |
| 22:45 | Create | Villager (Male) |
| 22:48 | Create | Flemish Militia |
| 22:48 | Create | Flemish Militia |
| 22:48 | Create | Flemish Militia |
| 22:49 | Create | Flemish Militia |
| 22:51 | Build | Farm |
| 22:51 | Build | Farm |
| 22:52 | Build | Farm |
| 22:52 | Build | Farm |
| 23:41 | Build | House |
| 23:42 | Build | House |
| 23:49 | Build | House |
| 23:50 | Build | House |
| 23:52 | Build | House |
| 23:54 | Build | House |
| 24:47 | Research | Chain Barding Armor |
| 24:50 | Research | Light Cavalry (upgrade) |
| 25:05 | Build | Town Center |
| 25:06 | Create | Villager (Male) |
| 25:29 | Build | Town Center |
| 25:45 | Research | Cavalier (upgrade) |
| 25:47 | Create | Villager (Male) |
| 25:50 | Create | Villager (Male) |
| 25:59 | Create | Villager (Male) |
| 26:04 | Create | Villager (Male) |
| 26:18 | Create | Villager (Male) |
| 26:23 | Create | Villager (Male) |
| 26:31 | Create | Villager (Male) |
| 26:32 | Create | Villager (Male) |
| 26:35 | Create | Villager (Male) |
| 26:36 | Create | Villager (Male) |
| 26:47 | Create | Villager (Male) |
| 26:52 | Create | Villager (Male) |
| 26:52 | Create | Villager (Male) |
| 26:59 | Create | Villager (Male) |
| 27:10 | Create | Knight ×3 |
| 27:34 | Create | Knight ×2 |
| 27:45 | Build | Farm |
| 27:47 | Build | Farm |
| 27:53 | Create | Knight |
| 27:56 | Build | Stable |
| 28:05 | Build | Farm |
| 28:11 | Build | Farm |
| 28:14 | Build | Farm |
| 28:15 | Create | Villager (Male) |
Match timeline
| 4:59 | Emperor2698 · wall_segment Palisade Wall x1 |
| 5:22 | LeoABNV · first_building Dock |
| 5:52 | DeadlyIdli · first_building Dock |
| 7:26 | Emperor2698 · first_building Barracks |
| 8:30 | AP · wall_segment Palisade Wall x1 |
| 9:19 | Emperor2698 · first_building Stable |
| 9:26 | AP · age_up feudal |
| 9:29 | AP · first_building Stable |
| 10:31 | DeadlyIdli · age_up feudal |
| 10:47 | DeadlyIdli · first_building Barracks |
| 11:29 | DeadlyIdli · first_building Stable |
| 11:42 | LeoABNV · first_building Barracks |
| 11:47 | LeoABNV · first_market_sell 100 stone |
| 11:47 | LeoABNV · first_market_buy 100 food |
| 12:33 | Emperor2698 · first_building Dock |
| 13:15 | LeoABNV · wall_segment Palisade Wall x1 |
| 13:16 | LeoABNV · wall_segment Palisade Wall x1 |
| 15:45 | LeoABNV · wall_segment Palisade Wall x1 |
| 15:47 | LeoABNV · wall_segment Palisade Wall x1 |
| 15:49 | LeoABNV · wall_segment Palisade Wall x1 |
| 15:51 | LeoABNV · wall_segment Palisade Wall x1 |
| 15:57 | LeoABNV · wall_segment Palisade Wall x1 |
| 20:49 | AP · age_up castle |
| 21:41 | AP · first_market_sell 100 food |
| 21:42 | AP · first_market_buy 100 stone |
| 21:58 | Emperor2698 · first_market_buy 100 food |
| 25:10 | Emperor2698 · first_market_sell 100 food |
| 25:58 | LeoABNV · first_building Stable |
| 26:17 | LeoABNV · wall_segment Palisade Wall x1 |
| 28:24 | LeoABNV · first_building Castle |
| 28:33 | LeoABNV · wall_segment Palisade Wall x1 |
| 29:26 | DeadlyIdli · first_market_buy 100 food |
| 32:10 | AP · age_up imperial |
| 32:16 | AP · first_building Castle |
| 32:16 | DeadlyIdli · age_up castle |
| 34:34 | LeoABNV · first_building Siege Workshop |
| 36:02 | DeadlyIdli · first_building Monastery |
| 36:02 | AP · first_building Siege Workshop |
| 37:48 | DeadlyIdli · first_building Archery Range |
| 42:56 | Emperor2698 · first_building Monastery |
| 43:44 | Emperor2698 · first_building Castle |
| 45:17 | LeoABNV · tribute_sent a jugador 1 |
| 45:17 | LeoABNV · tribute_sent a jugador 2 |
| 45:17 | LeoABNV · tribute_sent a jugador 4 |
| 45:38 | LeoABNV · tribute_sent a jugador 1 |
| 45:38 | LeoABNV · tribute_sent a jugador 2 |
| 45:38 | LeoABNV · tribute_sent a jugador 4 |
| 46:26 | DeadlyIdli · wall_segment Stone Wall x20 |
| 47:17 | LeoABNV · tribute_sent a jugador 1 |
| 47:17 | LeoABNV · tribute_sent a jugador 2 |
| 47:17 | LeoABNV · tribute_sent a jugador 4 |
| 47:41 | LeoABNV · tribute_sent a jugador 1 |
| 47:41 | LeoABNV · tribute_sent a jugador 2 |
| 47:41 | LeoABNV · tribute_sent a jugador 4 |
| 47:44 | DeadlyIdli · first_market_sell 100 food |
| 47:53 | DeadlyIdli · first_building Castle |
| 48:27 | DeadlyIdli · wall_segment Stone Wall x7 |
| 49:08 | DeadlyIdli · wall_segment Stone Wall x3 |
| 49:12 | DeadlyIdli · wall_segment Stone Wall x3 |
| 49:17 | DeadlyIdli · wall_segment Stone Wall x11 |
| 49:29 | DeadlyIdli · wall_segment Stone Wall x3 |
| 51:33 | LeoABNV · resign |
[ AI ANALYSIS · 1 CREDIT ]
What really happened in this match?
Wolo.gg analyzes every decision: build order, eco, micro, common mistakes by bracket. Personalized analysis on WhatsApp or Discord in 30 seconds.
Civ guide
Khmer
Perfil
Jugador #3082966